Match 38892219
Unlisted

Match 38892219
End
Panzergrenadier Squad
Kradschützen Motorcycle Team
Panzergrenadier Squad
Panzergrenadier Squad
Construct Light Support Kompanie
Fire Support Elements
Flakvierling Half-track
Pak 38 Mechanized Group
2.5-tonne Medical Truck
Selects Armored Support Battlegroup
Selects Armored Support Battlegroup
Selects Salvage Kits
Selects Superior Fire Drills
Construct Panzerarmee Kommand
Panzer III L Medium Tank
Walking Stuka Rocket Launcher
Selects Flammpanzer III Medium Tank
Armored Reserves
Emergency Repair Kits
Pak 38 Anti-tank Gun Team
Selects Panzer Storm
Tiger Heavy Tank
2.5-tonne Medical Truck
Rapid Advance
Selects Stuka Anti-tank Loiter
Tungsten Core Ammunition
Izzy
Broly19HS
Apober
STALKER4732
kit.ohume
Devochkin
0
0

Comments sign in to comment!

No comments posted yet!